 Dungeon Crawl Stone Soup version 0.20.0-15-g7f486f2 (webtiles) character file.

2765 Gargoyl the Chopper (level 9, -13/75 HPs)
             Began as a White Draconian Abyssal Knight on June 14, 2017.
             Was a Priest of Lugonu.
             Mangled by a warg (16 damage)
             ... on level 8 of the Dungeon.
             The game lasted 00:19:22 (9279 turns).

Gargoyl the Chopper (DrAK)                          Turns: 9279, Time: 00:19:24

Health: -13/75     AC: 10    Str: 15    XL:     9   Next: 42%
Magic:  9/13       EV: 16    Int: 15    God:    Lugonu [***...]
Gold:   385        SH:  2    Dex: 13    Spells: 8/8 levels left

rFire    . . .     SeeInvis .   a - +2 hand axe
rCold    + . .     Gourm    .   (no shield)
rNeg     . . .     Faith    .   (armour unavailable)
rPois    .         Spirit   .   (helmet restricted)
rElec    .         Reflect  +   c - +2 cloak
rCorr    .         Harm     .   (no gloves)
MR       .....     Rnd*Rage +   (no boots)
Stlth    +++.......             r - +2 amulet of reflection
Regen    0.3/turn               (no ring)
MPRegen  0.2/turn               (no ring)

@: short of breath
A: breathe frost, unfitting armour, stinger 1, berserk 1, clever 1, cold
resistance 1, cold-blooded, MP-powered wands, AC +7
a: Breathe Frost, Depart the Abyss, Bend Space, Banish, Renounce Religion


You were on level 8 of the Dungeon.
You worshipped Lugonu.
Lugonu was most pleased with you.
You were very hungry.

You visited 1 branch of the dungeon, and saw 8 of its levels.
You visited the Abyss 1 time.
You also visited: Sewer.

You collected 385 gold pieces.

Inventory:

Hand Weapons
 a - a +2 hand axe (weapon)
Armour
 c - a +2 cloak (worn)
Jewellery
 r - a +2 amulet of reflection (around neck)
Wands
 u - a wand of polymorph (13/24)
 w - a wand of iceblast (2/15)
Scrolls
 i - 3 scrolls of magic mapping
 k - 9 scrolls of identify
 l - 2 scrolls of blinking
 m - 2 scrolls of fog
 n - a scroll of enchant armour
 q - 4 scrolls of remove curse
Potions
 e - a potion of flight
 f - 3 potions of agility
 g - a potion of might
 h - a potion of curing
 o - 2 potions of haste
 p - a potion of ambrosia
 v - a potion of brilliance
 x - a potion of resistance {unknown}
Books
 s - a book of Changes

   Spells                             Type                      Level
   a - Beastly Appendage              Transmutation                1
   b - Sticks to Snakes               Transmutation                2
   c - Spider Form                    Transmutation/Poison         3
   d - Ice Form                       Ice/Transmutation            4
   e - Blade Hands                    Transmutation                5
 t - a book of Minor Magic

   Spells                             Type                      Level
   a - Magic Dart                     Conjuration                  1
   b - Blink                          Translocation                2
   c - Call Imp                       Summoning                    2
   d - Slow                           Hexes                        2
   e - Conjure Flame                  Conjuration/Fire             3
   f - Mephitic Cloud                 Conjuration/Poison/Air       3
Comestibles
 b - 4 bread rations
 d - 2 royal jellies
 j - 4 meat rations
 z - 7 fruits


   Skills:
 + Level 5.6 Fighting
 + Level 7.2 Axes
 * Level 7.2 Dodging
 * Level 4.5 Stealth
 * Level 5.5 Invocations


You had 8 spell levels left.
You didn't know any spells.

Dungeon Overview and Level Annotations

Branches:
Dungeon (8/15)             Temple (0/1) D:5
   Lair: D:8-11

Altars:
Fedhas
Gozag
Makhleb
Sif Muna
Trog
Xom
Yredelemnul
The Shining One


Innate Abilities, Weirdness & Mutations

You can breathe waves of freezing cold.
You can buffet flying creatures when you breathe cold.
Your icy white scales are hard. (AC +7)
You cannot fit into any form of body armour.
Your flesh is cold resistant. (rC+)
You are cold-blooded and may be slowed by cold attacks.
Your tail ends in a poisonous barb.
You tend to lose your temper in combat.
Your mind is acute. (Int +2)
You expend magic power (3 MP) to strengthen your wands.


Message History

The big kobold moves out of view.
The warg barely misses you. The warg bites you but does no damage.
Press: ? - help, Shift-Dir - straight line, f/p - warg
Aim: a warg (moderately wounded, chance to defeat MR: 70%)
The warg struggles to resist.
You are feeling very hungry.
The warg howls!
The warg completely misses you. The warg bites you.
A kobold comes into view.
The warg bites you. The warg bites you but does no damage. The orc misses you.
A warg comes into view.
The warg closely misses you. The warg misses you. The orc closely misses you.
There is a stone staircase leading up here.
The warg closely misses you. The warg bites you!
* * * LOW HITPOINT WARNING * * *
The warg howls!
The warg bites you!
* * * LOW HITPOINT WARNING * * *
The warg bites you!
You die...

##++++##########
................
≈≈....≈≈≈≈≈≈≈≈≈≈
≈≈....≈≈≈≈≈≈≈≈≈≈
≈≈h...≈≈≈≈≈≈≈≈≈≈
................
#>...h.........
#.o@h....#
#...h....#
#...(.####
###....# #..K.#
#....# #....#
#.?..K #......


You could see 4 wargs, an orc and 2 kobolds.

Vanquished Creatures
  A hippogriff (D:7)
  Sigmund (D:2)
  A hungry ghost (D:7)
  Purgy (Sewer)
  An ice beast (D:6)
  2 ogres
  A phantom (D:7)
  The ghost of Gargoyl the Skirmisher, an amateur DrAK of Lugonu (D:3)
  3 centaurs
  2 bullfrogs (D:6)
  A big kobold (D:5)
  2 crimson imps
  2 jellies
  3 orc priests (D:5)
  8 orc wizards
  2 iguanas (D:6)
  5 worker ants
  A hound skeleton (D:6)
  A worker ant zombie (D:6)
  13 adders
  A shadow imp (D:5)
  2 oozes
  5 worms
  3 dart slugs
  6 leopard geckos
  27 orcs
  3 ball pythons
  10 bats
  4 giant cockroaches
  6 goblins
  7 hobgoblins
  3 jackals (D:7)
  4 quokkas
  10 frilled lizards
  13 kobolds
  7 rats
163 creatures vanquished.

Vanquished Creatures (others)
  A troll (D:7)
  A hippogriff (D:7)
  An orc warrior (D:6)
  A plant (D:5)
  5 toadstools (D:1)
9 creatures vanquished.

Grand Total: 172 creatures vanquished

Notes
Turn   | Place    | Note
-------+----------+-------------------------------------------
     0 | Abyss:1  | Gargoyl the Draconian Abyssal Knight began the quest for the Orb.
     0 | Abyss:1  | Reached XP level 1. HP: 19/19 MP: 2/2
   125 | Abyss:2  | Noticed a ynoxinul
   128 | Abyss:2  | Noticed an ancient zyme
   130 | Abyss:2  | Noticed a raiju
   130 | Abyss:2  | Noticed a raiju
   131 | Abyss:2  | Noticed a raiju
   132 | Abyss:2  | Noticed a worldbinder
   133 | D:1      | Escaped the Abyss
   393 | D:1      | Reached * piety under Lugonu
   393 | D:1      | Reached XP level 2. HP: 26/26 MP: 3/3
   449 | D:1      | Reached skill level 1 in Stealth
   737 | D:2      | Reached XP level 3. HP: 31/31 MP: 4/4
  1085 | D:2      | Noticed Sigmund
  1120 | D:2      | Killed Sigmund
  1120 | D:2      | Reached XP level 4. HP: 12/40 MP: 5/5
  1120 | D:2      | Reached XP level 5. HP: 14/46 MP: 6/6
  1348 | D:2      | Found an opulent altar of Gozag.
  2022 | D:3      | Reached XP level 6. HP: 48/52 MP: 8/8
  2044 | D:3      | Reached ** piety under Lugonu
  2078 | D:3      | Found a glowing drain.
  2131 | Sewer    | Entered a sewer
  2264 | Sewer    | Noticed Purgy
  2291 | Sewer    | Killed Purgy
  3116 | D:3      | Found an opulent altar of Gozag.
  3117 | D:3      | Found a blossoming altar of Fedhas.
  3117 | D:3      | Found a burning altar of Makhleb.
  3145 | D:3      | Noticed Gargoyl's ghost (amateur DrAK)
  3175 | D:3      | Killed Gargoyl's ghost
  3175 | D:3      | Your scales start taking on an icy white colour.
  3175 | D:3      | Reached XP level 7. HP: 25/59 MP: 9/9
  3175 | D:3      | Gained mutation: Your flesh is cold resistant. (rC+) [White Draconian growth]
  3749 | D:4      | Reached skill level 5 in Dodging
  4791 | D:5      | Entered Level 5 of the Dungeon
  4975 | D:5      | Gained mutation: You are weak. (Str -2) [potion of mutation]
  4975 | D:5      | Gained mutation: Your mind is acute. (Int +2) [potion of mutation]
  4975 | D:5      | Gained mutation: Your tail ends in a poisonous barb. [potion of mutation]
  4975 | D:5      | Gained mutation: Your spells are a little harder to cast, but a little more powerful. [potion of mutation]
  5489 | D:4      | Reached *** piety under Lugonu
  5679 | D:5      | Reached skill level 5 in Axes
  5769 | D:5      | Found a deep blue altar of Sif Muna.
  5906 | D:5      | Reached XP level 8. HP: 67/67 MP: 10/10
  6068 | D:5      | Found a glowing golden altar of the Shining One.
  6148 | D:5      | Found a staircase to the Ecumenical Temple.
  7111 | D:6      | Found a shimmering altar of Xom.
  7111 | D:6      | Found a bloodstained altar of Trog.
  7328 | D:6      | Found a basalt altar of Yredelemnul.
  7546 | D:6      | Reached skill level 5 in Fighting
  7815 | D:6      | Lost mutation: Your spells are a little harder to cast, but a little more powerful. [potion of mutation]
  7815 | D:6      | Lost mutation: Your mind is acute. (Int +2) [potion of mutation]
  7815 | D:6      | Lost mutation: Your tail ends in a poisonous barb. [potion of mutation]
  7815 | D:6      | Lost mutation: You are weak. (Str -2) [potion of mutation]
  7815 | D:6      | Gained mutation: Your spells are a little easier to cast, but a little less powerful. [potion of mutation]
  7815 | D:6      | Gained mutation: You are somewhat resistant to further mutation. [potion of mutation]
  8007 | D:7      | Reached XP level 9. HP: 64/74 MP: 12/12
  8223 | D:7      | Noticed a troll
  8401 | D:7      | Banished a troll
  8401 | D:7      | Reached skill level 5 in Invocations
  9217 | D:7      | Lost mutation: Your spells are a little easier to cast, but a little less powerful. [potion of mutation]
  9217 | D:7      | Lost mutation: You are somewhat resistant to further mutation. [potion of mutation]
  9217 | D:7      | Gained mutation: You tend to lose your temper in combat. [potion of mutation]
  9217 | D:7      | Gained mutation: Your mind is acute. (Int +2) [potion of mutation]
  9217 | D:7      | Gained mutation: You expend magic power (3 MP) to strengthen your wands. [potion of mutation]
  9217 | D:7      | Gained mutation: Your tail ends in a poisonous barb. [potion of mutation]
  9279 | D:8      | HP: 3/75 [warg (8)]
  9279 | D:8      | Mangled by a warg

Skill      XL: |  1  2  3  4  5  6  7  8  9 |
---------------+----------------------------+-----
Stealth        | 1 2 3 4 |  4.5
Dodging        | 3 4 5 6 7 |  7.2
Fighting       | 4 5 |  5.6
Axes           | 3 4 5 6 7 |  7.2
Invocations    | 3 4 5 |  5.5

Action                   |  1- 3 |  4- 6 |  7- 9 || total
-------------------------+-------+-------+-------++-------
Melee: Hand axe          |    88 |   267 |   475 ||   830
       Tailslap          |     4 |    24 |    54 ||    82
Invok: Depart the Abyss  |     1 |       |       ||     1
       Banish            |       |       |     5 ||     5
 Abil: Breathe Frost     |       |       |    31 ||    31
  Use: Scroll            |     5 |     2 |     8 ||    15
       Potion            |     2 |     2 |    14 ||    18
 Stab: Sleeping          |       |     4 |     1 ||     5
  Eat: Chunk             |     1 |     7 |    21 ||    29
       Bread ration      |       |       |     2 ||     2
Armor: Skin              |    42 |   122 |   149 ||   313
Dodge: Dodged            |    92 |   259 |   426 ||   777
Block: Other             |       |       |    11 ||    11
